 Dungeon Crawl Stone Soup version 0.24-a0-580-g6a6c3f83c1 (webtiles) character file.

Game seed: 16534229203818823729

5222 Ijustatesigmund the Fighter (level 10, -1/107 HPs)
             Began as an Ogre Fighter on Aug 22, 2019.
             Was a Believer of Okawaru.
             Slain by a wight
             ... wielding a +5 long sword
              (5 damage)
             ... while paralysed by Erolcha
             ... on level 9 of the Dungeon.
             The game lasted 00:22:52 (13976 turns).

Ijustatesigmund the Fighter (Ogre Fighter)         Turns: 13976, Time: 00:22:52

Health: -1/107     AC:  4    Str: 24    XL:     10   Next: 61%
Magic:  14/14      EV:  1    Int:  9    God:    Okawaru [**....]
Gold:   486        SH:  0    Dex: 13    Spells: 9/9 levels left

rFire    + . .     SeeInvis .   b - +5 flail
rCold    . . .     Gourm    .   c - +1 shield
rNeg     . . .     Faith    .   w - +1 robe of the Pits of Slime {*Drain rPois Str+2 Dex+2}
rPois    +         Spirit   .   (helmet restricted)
rElec    .         Reflect  .   (no cloak)
rCorr    .         Harm     .   (gloves unavailable)
MR       +....                  (boots unavailable)
Stlth    +++.......             (no amulet)
HPRegen  0.27/turn              d - ring of protection from fire
MPRegen  0.14/turn              (no ring)

@: paralysed, heroism, lightly drained
A: large, unfitting armour, mutation resistance 1, poison resistance, tough skin
1
a: Heroism, Renounce Religion


You were on level 9 of the Dungeon.
You worshipped Okawaru.
Okawaru was pleased with you.
You were hungry.

You visited 2 branches of the dungeon, and saw 10 of its levels.

You collected 486 gold pieces.

Inventory:

Hand Weapons
 a - a +3 morningstar
 b - a +5 flail (weapon)
 x - a +0 giant spiked club
Armour
 c - a +1 shield (worn)
 w - the +1 robe of the Pits of Slime (worn) {*Drain rPois Str+2 Dex+2}
   (You found it on level 8 of the Dungeon)

   It affects your strength (+2).
   It affects your dexterity (+2).
   It protects you from poison.
   It causes draining when unequipped.
Jewellery
 d - a ring of protection from fire (left hand)
Wands
 m - a wand of random effects (30)
 p - a wand of polymorph (7)
 u - a wand of enslavement (6)
Scrolls
 g - 2 scrolls of remove curse
 i - 4 scrolls of fog
 j - 2 scrolls of identify
 o - 3 scrolls of immolation
 s - a scroll of enchant armour
 v - a scroll of teleportation
Potions
 e - a potion of heal wounds
 h - 2 potions of haste
 k - 2 potions of resistance
 l - 2 potions of lignification
 q - a potion of magic
 r - a potion of brilliance {unknown}
 t - 3 potions of curing
Comestibles
 f - 7 rations


   Skills:
 - Level 9.5(14.0) Fighting
 - Level 8.8(13.3) Maces & Flails
 + Level 6.1(10.6) Dodging
 + Level 6.1(10.6) Shields
 + Level 6.4(6.0) Invocations


You had 9 spell levels left.
You didn't know any spells.
Your spell library contained the following spells:

 Spells                   Type           Power        Failure   Level  Hunger
 Poisonous Vapours        Pois/Air       #.....       52%         2    ###....
 Conjure Flame            Conj/Fire      #.......     77%         3    ####...
 Mephitic Cloud           Conj/Pois/Air  #.......     77%         3    ####...
 Freezing Cloud           Conj/Ice/Air   #.........   100%        6    #######
 Ring of Flames           Chrm/Fire      #.........   100%        7    #######


Dungeon Overview and Level Annotations

Branches:
Dungeon (9/15)             Temple (1/1) D:7
   Lair: D:8-11         Orc: D:9-12

Altars:
Ashenzari
Cheibriados
Dithmenos
Elyvilon
Fedhas
Gozag
Hepliaklqana
Makhleb
Okawaru
Qazlal
Sif Muna
Trog
Uskayaw
Vehumet
Wu Jian
Xom
Yredelemnul
Zin

Annotations:
D:9 Erolcha


Innate Abilities, Weirdness & Mutations

You are too large for most types of armour.
You have tough skin. (AC +1)
You are somewhat resistant to further mutation.
Your system is resistant to poisons. (rPois)


Message History

Magic restored.
Erolcha shouts!
Erolcha is too close now for your liking. 2 wights come into view.
You barely miss Erolcha. Erolcha casts a spell at you.
You suddenly lose the ability to move!
Erolcha hits you with a +0 giant club!! The wight barely misses you.
The wight hits you with a +5 long sword.
Erolcha hits you with a +0 giant club!!
The wight hits you with a +0 great sword!
* * * LOW HITPOINT WARNING * * *
You feel drained.
* * * LOW HITPOINT WARNING * * *
The wight hits you but does no damage. Erolcha hits you with a +0 giant club!
* * * LOW HITPOINT WARNING * * *
The wight hits you with a +0 great sword.
* * * LOW HITPOINT WARNING * * *
The wight hits you with a +5 long sword.
You die...

### #.....>.. .
#.######. ..
#.# #. ###)#
#...# ##.###
#..#
.#######.##
......O@z#
........z......
.........####..
.........#
.....$...#
##########


You could see Erolcha and 2 wights.

Vanquished Creatures
  Pikel (D:6)
  A hippogriff (D:8)
  3 yaks (D:9)
  A wyvern (D:8)
  2 hungry ghosts
  A water moccasin (D:7)
  Duvessa (D:6)
  3 orc warriors
  An ice beast (D:6)
  A slave (D:6)
  A black bear (D:6)
  A centaur (D:8)
  5 ogres
  A crocodile (D:8)
  2 big kobolds (D:8)
  5 bullfrogs
  A gnoll sergeant (D:7)
  Dowan (D:6)
  2 scorpions
  7 killer bees
  5 wights (D:9)
  5 howler monkeys
  A crimson imp (D:9)
  3 centaur zombies
  9 hounds
  A jelly (D:6)
  3 orc priests
  3 orc wizards
  7 worker ants
  A worker ant zombie (D:8)
  9 gnolls
  11 adders
  3 oozes
  An adder skeleton (D:7)
  An adder zombie (D:8)
  4 worms
  5 leopard geckos
  30 orcs
  A ball python (D:1)
  5 giant cockroaches
  7 goblins
  10 hobgoblins
  7 jackals
  16 kobolds
  3 quokkas
  15 bats
  8 frilled lizards
  A giant cockroach zombie (D:6)
  A jackal skeleton (D:5)
  A leopard gecko zombie (D:8)
  4 rats
222 creatures vanquished.

Vanquished Creatures (others)
  An ogre (D:6)
  A crimson imp (D:6)
  2 adders (D:6)
  A leopard gecko (D:6)
  A plant (D:4)
6 creatures vanquished.

Grand Total: 228 creatures vanquished

Notes
Turn   | Place    | Note
-------+----------+-------------------------------------------
     0 | D:1      | Ijustatesigmund the Ogre Fighter began the quest for the
                  | Orb.
     0 | D:1      | Reached XP level 1. HP: 24/24 MP: 1/1
   479 | D:1      | Reached XP level 2. HP: 31/32 MP: 2/2
   942 | D:1      | Reached XP level 3. HP: 40/40 MP: 3/3
  1567 | D:2      | Reached XP level 4. HP: 22/49 MP: 4/4
  1578 | D:2      | Reached skill level 5 in Fighting
  2265 | D:2      | Reached XP level 5. HP: 56/57 MP: 5/5
  2627 | D:2      | Found a hazy altar of Hepliaklqana.
  3840 | D:4      | Reached XP level 6. HP: 67/67 MP: 6/6
  3905 | D:4      | Reached skill level 6 in Fighting
  4236 | D:4      | Found a snail-covered altar of Cheibriados.
  4377 | D:4      | Reached skill level 5 in Maces & Flails
  4728 | D:4      | Noticed an orc warrior
  4735 | D:4      | Killed an orc warrior
  4735 | D:4      | Reached XP level 7. HP: 64/76 MP: 7/7
  5277 | D:5      | Entered Level 5 of the Dungeon
  5506 | D:5      | Reached skill level 7 in Fighting
  7064 | D:6      | Noticed Dowan
  7071 | D:6      | Killed Dowan
  7071 | D:6      | Noticed Duvessa
  7105 | D:6      | Killed Duvessa
  7105 | D:6      | Reached XP level 8. HP: 19/88 MP: 8/8
  7561 | D:6      | Reached skill level 8 in Fighting
  7833 | D:6      | Noticed Pikel
  7869 | D:6      | Killed Pikel
  7869 | D:6      | Reached skill level 9 in Fighting
  8200 | D:6      | You fall into a shaft and drop 1 floor!
  8238 | D:6      | Reached XP level 9. HP: 77/98 MP: 9/9
  8440 | D:6      | Gained mutation: You are somewhat resistant to further
                  | mutation. [potion of mutation]
  8440 | D:6      | Gained mutation: Your system is resistant to poisons.
                  | (rPois) [potion of mutation]
  9320 | D:7      | Found a staircase to the Ecumenical Temple.
  9329 | Temple   | Entered the Ecumenical Temple
  9333 | Temple   | Became a worshipper of Warmaster Okawaru
  9375 | Temple   | Reached skill level 1 in Invocations
 10201 | D:7      | Found a hide-covered altar of Uskayaw.
 10201 | D:7      | Noticed a +0 dagger
 10201 | D:7      | Noticed a +0 hand axe
 11261 | D:8      | Reached * piety under Okawaru
 12124 | D:8      | Reached XP level 10. HP: 42/107 MP: 13/13
 12520 | D:8      | Reached skill level 5 in Dodging
 12520 | D:8      | Reached skill level 5 in Shields
 12542 | D:8      | Got a distressingly furry robe
 12852 | D:8      | You fall into a shaft and drop 1 floor!
 12858 | D:9      | Reached ** piety under Okawaru
 12858 | D:9      | Reached skill level 5 in Invocations
 13233 | D:9      | Found a blossoming altar of Fedhas.
 13252 | D:9      | Identified the cursed +1 scale mail "Zoag" {MR+}
 13292 | D:9      | Identified the +1 robe of the Pits of Slime {*Drain rPois
                  | Str+2 Dex+2} (You found it on level 8 of the Dungeon)
 13296 | D:9      | Found an ornate altar of the Wu Jian Council.
 13945 | D:9      | Noticed Erolcha
 13971 | D:9      | Paralysed by Erolcha for 5 turns
 13975 | D:9      | HP: 4/107 [wight/+0 great sword (6)]
 13976 | D:9      | Slain by a wight

Levels and vault maps discovered:
D:1:      onia_arrival_pyramid, layout_loops_corners,
          chequers_serial_rivers_micro_e
D:2:      layout_loops_ring, lemuel_round_altar, first_ration
D:3:      layout_basic, chequers_garden
D:4:      layout_gridville, cheibriados_altar_1, serial_forest,
          infiniplex_forest_lined_ring, infiniplex_forest_clump_small,
          infiniplex_forest_end_3, infiniplex_forest_straight_2,
          infiniplex_forest_clump_cross, infiniplex_forest_lined_2,
          infiniplex_forest_clump_medium, infiniplex_forest_lined_room_,
          infiniplex_forest_end_double, minmay_misc_feat_cross
D:5:      layout_layer_cave
D:6:      layout_basic, uniq_duvessa, uniq_pikel
D:7:      layout_loops_ring, dancing_weapons_uskayaw,
          minmay_temple_entry_antechambers
D:8:      layout_loops_ring
D:9:      layout_rooms, kennysheep_vampire_church, grunt_temple_overflow_open,
          kennysheep_nondescript, minmay_starry_boxes, uniq_erolcha
Temple:   nicolae_temple_x_marks_the_god

Skill      XL: |  1  2  3  4  5  6  7  8  9 10 |
---------------+-------------------------------+-----
Maces & Flails | 2 3 4 5 7 8 |  8.8
Fighting       | 5 6 7 9 |  9.5
Invocations    | 4 6 |  6.4
Dodging        | 4 6 |  6.1
Shields        | 4 6 |  6.1

Action                   |  1- 3 |  4- 6 |  7- 9 | 10-12 || total
-------------------------+-------+-------+-------+-------++-------
Melee: Flail             |   109 |   252 |   417 |   154 ||   932
       Morningstar       |       |       |       |    11 ||    11
Invok: Heroism           |       |       |     1 |     4 ||     5
Evoke: Wand              |       |       |     4 |       ||     4
  Use: Scroll            |     4 |     7 |     8 |     5 ||    24
       Potion            |     1 |     2 |     7 |       ||    10
 Stab: Sleeping          |       |       |     4 |     1 ||     5
  Eat: Chunk             |     2 |    11 |    13 |     4 ||    30
       Ration            |       |       |     5 |     1 ||     6
Armor: Robe              |    41 |    63 |    53 |    10 ||   167
Dodge: Dodged            |    41 |    73 |   115 |    59 ||   288
Block: Shield            |    84 |   116 |   218 |    82 ||   500

Table legend:
 A = Non-vault XP
 B = Vault XP
 C = Vault XP percentage of total XP
 D = Non-vault monster count
 E = Vault monster count
 F = Vault count percentage of total count
                 A         B        C        D         E       F
            +---------+---------+-------+---------+---------+-------
      Total |    6360 |    1100 |  14.7 |     216 |       5 |   2.3
            +---------+---------+-------+---------+---------+-------
        D:1 |      58 |       0 |   0.0 |      28 |       0 |   0.0
        D:2 |     143 |       0 |   0.0 |      35 |       0 |   0.0
        D:3 |     114 |       0 |   0.0 |      20 |       0 |   0.0
        D:4 |     461 |       0 |   0.0 |      17 |       0 |   0.0
        D:5 |     298 |       0 |   0.0 |      13 |       0 |   0.0
        D:6 |     395 |     936 |  70.3 |       9 |       3 |  25.0
        D:7 |    1153 |       0 |   0.0 |      27 |       0 |   0.0
        D:8 |    1952 |       0 |   0.0 |      38 |       0 |   0.0
        D:9 |    1731 |     164 |   8.7 |      28 |       2 |   6.7
     Temple |      55 |       0 |   0.0 |       1 |       0 |   0.0
            +---------+---------+-------+---------+---------+-------
